 Dungeon Crawl Stone Soup version 0.24-a0-420-g24607be9ce (webtiles) character file.

Game seed: 11337381157286696942

6017 Ijustatesigmund the Basher (level 10, -6/65 HPs)
             Began as an Octopode Fighter on June 11, 2019.
             Was a Priest of Cheibriados.
             Mangled by a sun demon (10 damage)
             ... on level 2 of the Abyss.
             The game lasted 00:21:01 (9759 turns).

Ijustatesigmund the Basher (Octopode Fighter)       Turns: 9759, Time: 00:21:03

Health: -6/65      AC:  1    Str: 22    XL:     10   Next: 86%
Magic:  0/14       EV: 16    Int: 19    God:    Cheibriados [***...]
Gold:   344        SH: 12    Dex: 21    Spells: 6/9 levels left

rFire    . . .     SeeInvis .   a - +3 flail (holy)
rCold    . . .     Gourm    .   b - +1 shield
rNeg     . . .     Faith    .   (helmet restricted)
rPois    .         Spirit   +   j - amulet of guardian spirit
rElec    .         Reflect  .   (no ring)
rCorr    .         Harm     .   (no ring)
MR       .....                  (no ring)
Stlth    +++.......             (no ring)
HPRegen  0.20/turn              (no ring)
MPRegen  0.14/turn              (no ring)
                                (no ring)
                                (no ring)

@: very slow
A: almost no armour, stealthy swim, amphibious, 8 rings, constrict 8, tentacle
spike 1, camouflage 1, frail 1, gelatinous body 1
a: Bend Time, Temporal Distortion, Renounce Religion


You were on level 2 of the Abyss.
You worshipped Cheibriados.
Cheibriados was most pleased with you.
You were not hungry.

You visited 1 branch of the dungeon, and saw 9 of its levels.
You visited the Abyss 1 time.

You collected 584 gold pieces.
You spent 240 gold pieces at shops.

Inventory:

Hand Weapons
 a - a +3 flail of holy wrath (weapon)
 u - a +0 morningstar of crushing
Missiles
 g - 9 javelins (quivered)
Armour
 b - a +1 shield (worn)
Jewellery
 j - an amulet of guardian spirit (around mantle)
Wands
 n - a wand of enslavement (1)
 o - a wand of iceblast (8)
 r - a wand of acid (4)
 s - a wand of digging (6)
Scrolls
 f - 6 scrolls of remove curse
 p - a scroll of immolation
 q - 4 scrolls of teleportation
 t - a scroll of fear
 x - a scroll of magic mapping
 y - a scroll of identify
Potions
 c - 3 potions of might
 e - 2 potions of curing
 h - a potion of resistance
 i - 3 potions of cancellation
 k - 2 potions of brilliance
 m - 4 potions of agility
 v - a potion of flight
 w - a potion of degeneration {unknown}
 z - a potion of haste {unknown}
Comestibles
 d - 15 rations


   Skills:
 + Level 8.5 Fighting
 + Level 10.0 Maces & Flails
 + Level 6.3 Dodging
 + Level 6.2 Shields
 + Level 2.3 Translocations
 + Level 5.8 Invocations


You had 6 spell levels left.
You knew the following spells:

 Your Spells              Type           Power        Failure   Level  Hunger
a - Magic Dart            Conj           #...         54%         1    ##.....
b - Blink                 Tloc           N/A          36%         2    ###....

Your spell library contained the following spells:

 Spells                   Type           Power        Failure   Level  Hunger
 Animate Skeleton         Necr           N/A          54%         1    ##.....
 Pain                     Necr           #...         54%         1    ##.....
 Sandblast                Erth           #.....       54%         1    ##.....
 Call Imp                 Summ           #.......     67%         2    ###....
 Passwall                 Tmut/Erth      #.......     67%         2    ###....
 Slow                     Hex            #.......     67%         2    ###....
 Conjure Flame            Conj/Fire      #.......     88%         3    ####...
 Mephitic Cloud           Conj/Pois/Air  #.......     88%         3    ####...
 Regeneration             Chrm/Necr      #.........   88%         3    ####...
 Stone Arrow              Conj/Erth      #.....       88%         3    ####...
 Vampiric Draining        Necr           #.........   88%         3    ####...
 Animate Dead             Necr           N/A          99%         4    #####..
 Petrify                  Tmut/Erth      #.......     99%         4    #####..
 Lee's Rapid Deconstruct  Erth           #.........   100%        5    ######.


Dungeon Overview and Level Annotations

Branches:
Dungeon (9/15)             Temple (0/1) D:6
   Lair: D:8-11         Orc: D:9-12

Altars:
Cheibriados
Fedhas
Hepliaklqana
Nemelex Xobeh
Okawaru
Qazlal
Ru
Sif Muna
Trog
Wu Jian
Xom
Yredelemnul
Zin
Jiyva

Shops:
D:3 *   D:8 :

Annotations:
D:4 3 runed translucent doors, PeterLawrence's ghost, novice MiFi
D:9 Psyche


Innate Abilities, Weirdness & Mutations

You cannot wear most types of armour.
You are very stealthy in the water. (Stealth+)
You are amphibious.
You can wear up to eight rings at the same time.
You can use your tentacles to constrict eight enemies at once.
Your skin changes colour to match your surroundings (Stealth+).
Your rubbery body absorbs attacks. (AC +1, EV +1)
One of your tentacles bears a spike.
You are frail. (-10% HP)


Message History

You hit the sun demon but do no damage.
You pierce the sun demon, but do no damage.
You squeeze the sun demon, but do no damage.
You constrict the sun demon. You block the sun demon's attack.
You hit the sun demon but do no damage. You constrict the sun demon.
You block the sun demon's attack.
You hit the sun demon but do no damage.
You pierce the sun demon, but do no damage.
You squeeze the sun demon.
The sun demon is lightly wounded.
You constrict the sun demon, but do no damage.
The sun demon hits you.
You are engulfed in flames!
* * * LOW HITPOINT WARNING * * *
You hit the sun demon but do no damage.
You pierce the sun demon.
You squeeze the sun demon!
The sun demon is moderately wounded.
You constrict the sun demon. The sun demon hits you!
* * * LOW HITPOINT WARNING * * *
You are engulfed in flames!
You die...

.. . ... ..
. ... 2 .##.
.. .## #....
. ..#.....
.###...#.#
#...#...#
#.#...## .
###@.##.. .
..# ## #3#.#
.. . . #....
#..#... . #
#..### #.#.
..# .. .
#...#.#....#
... .# #
#.#.##...3##
. .. . .
#....... # .
. ...###
#.#.##.##.
... #. .#..
#..## #..#


You could see a sun demon.

Vanquished Creatures
  A sixfirhy (Abyss:2)
  Pikel (D:4)
  Joseph (D:9)
  2 polar bears (D:9)
  A hippogriff (D:9)
  2 killer bees (D:8)
  Menkaure (D:4)
  A water moccasin (D:8)
  5 orc warriors
  3 sky beasts
  2 slaves (D:4)
  9 ogres
  2 phantoms (D:7)
  2 centaurs (D:8)
  A bullfrog (D:7)
  A scorpion (D:4)
  4 wights (D:7)
  3 howler monkeys
  2 centaur zombies
  3 crimson imps
  A quasit (D:8)
  3 centaur skeletons
  2 hounds
  4 jellies (D:8)
  9 orc priests
  A gnoll shaman (D:9)
  10 orc wizards
  A bullfrog skeleton (D:8)
  An iguana (D:4)
  2 worker ants (D:5)
  Ijyb (D:4)
  Terence (D:2)
  A hound zombie (D:5)
  2 hound skeletons
  A worker ant zombie (D:7)
  A howler monkey zombie (D:8)
  Robin (D:4)
  A gnoll (D:9)
  10 adders
  5 shadow imps
  2 white imps (D:9)
  An ufetubus (D:9)
  An ooze (D:3)
  2 dart slugs (D:1)
  4 worms
  6 leopard geckos
  21 orcs
  4 ball pythons
  6 giant cockroaches
  15 goblins
  14 hobgoblins
  12 jackals
  2 quokkas
  6 bats
  7 frilled lizards
  A jackal zombie (D:5)
  7 kobolds
  A leopard gecko skeleton (D:5)
  11 rats
228 creatures vanquished.

Vanquished Creatures (collateral kills)
  2 killer bees (D:8)
  An orc (D:4)
3 creatures vanquished.

Vanquished Creatures (others)
  A killer bee (D:8)
  A slave (D:4)
  2 jellies (D:8)
  A worker ant (D:4)
  A quokka (D:4)
6 creatures vanquished.

Grand Total: 237 creatures vanquished

Notes
Turn   | Place    | Note
-------+----------+-------------------------------------------
     0 | D:1      | Ijustatesigmund the Octopode Fighter began the quest for
                  | the Orb.
     0 | D:1      | Reached XP level 1. HP: 16/16 MP: 1/1
    99 | D:1      | Reached XP level 2. HP: 21/21 MP: 2/2
   588 | D:1      | Reached skill level 3 in Maces & Flails
   603 | D:1      | Reached XP level 3. HP: 23/26 MP: 3/3
  1322 | D:2      | Reached XP level 4. HP: 15/33 MP: 4/4
  1537 | D:2      | Noticed Terence
  1543 | D:2      | Killed Terence
  1588 | D:2      | Reached skill level 4 in Maces & Flails
  1686 | D:3      | Found Zin's Purification Station.
  1689 | D:3      | Found a glowing silver altar of Zin.
  1920 | D:3      | Reached XP level 5. HP: 26/37 MP: 5/5
  2477 | D:4      | Noticed PeterLawrence's ghost (novice MiFi)
  2483 | D:4      | Noticed a slave
  2484 | D:4      | Noticed a slave
  2484 | D:4      | Noticed a slave
  2485 | D:4      | Noticed a slave
  2493 | D:4      | Killed a slave
  2494 | D:4      | Reached skill level 5 in Maces & Flails
  2494 | D:4      | Reached XP level 6. HP: 36/44 MP: 6/6
  2499 | D:4      | Killed a slave
  2506 | D:4      | Found a runed translucent gate.
  2506 | D:4      | Found a runed translucent gate.
  2506 | D:4      | Found a runed translucent gate.
  2724 | D:4      | Noticed Menkaure
  2730 | D:4      | Killed Menkaure
  2784 | D:4      | Noticed Pikel
  2797 | D:4      | Killed Pikel
  2797 | D:4      | Reached skill level 5 in Fighting
  2797 | D:4      | Reached skill level 7 in Maces & Flails
  2797 | D:4      | Reached XP level 7. HP: 19/51 MP: 7/7
  3034 | D:4      | Reached XP level 8. HP: 51/57 MP: 8/8
  3077 | D:4      | Noticed Robin
  3210 | D:4      | Noticed Ijyb
  3224 | D:4      | Killed Ijyb
  3279 | D:4      | Found a sparkling altar of Nemelex Xobeh.
  3280 | D:4      | Found a hazy altar of Hepliaklqana.
  3286 | D:4      | Found a bloodstained altar of Trog.
  3286 | D:4      | Found a shimmering altar of Xom.
  3288 | D:4      | Found a sacrificial altar of Ru.
  3289 | D:4      | Found a basalt altar of Yredelemnul.
  3647 | D:4      | You fall into a shaft and drop 1 floor!
  3647 | D:5      | Entered Level 5 of the Dungeon
  3724 | D:4      | Reached skill level 8 in Maces & Flails
  3747 | D:4      | Killed Robin
  4769 | D:5      | Got a bloodstained war axe
  4770 | D:5      | Identified the +1 war axe of Past Mistakes {chop, +Fly rC+}
                  | (You found it on level 5 of the Dungeon)
  4776 | D:5      | Found an iron altar of Okawaru.
  5671 | D:5      | Found a blossoming altar of Fedhas.
  5816 | D:6      | You fall into a shaft and drop 1 floor!
  5838 | D:7      | Reached XP level 9. HP: 63/63 MP: 9/9
  6003 | D:7      | Found a deep blue altar of Sif Muna.
  6157 | D:6      | Got a polished hand axe
  6158 | D:6      | Identified the cursed +2 hand axe of Beyond {speed, Str+5}
                  | (You found it on level 6 of the Dungeon)
  6378 | D:6      | Found a snail-covered altar of Cheibriados.
  6386 | D:6      | Became a worshipper of Cheibriados the Contemplative
  6400 | D:6      | Reached skill level 9 in Maces & Flails
  6402 | D:6      | Reached skill level 1 in Invocations
  6488 | D:6      | Found a staircase to the Ecumenical Temple.
  7042 | D:7      | Reached * piety under Cheibriados
  7591 | D:8      | Found a stormy altar of Qazlal.
  7635 | D:8      | Reached skill level 5 in Dodging
  7659 | D:8      | Reached skill level 5 in Shields
  7832 | D:8      | Found an ornate altar of the Wu Jian Council.
  7863 | D:8      | Reached XP level 10. HP: 70/72 MP: 13/13
  8002 | D:8      | Gained mutation: You are frail. (-10% HP) [potion of
                  | mutation]
  8002 | D:8      | Gained mutation: One of your tentacles bears a spike.
                  | [potion of mutation]
  8012 | D:8      | Found Xejoul's Book Shoppe.
  8020 | D:8      | Bought a book of Minor Magic for 240 gold pieces
  8022 | D:8      | Learned a level 1 spell: Magic Dart
  8025 | D:8      | Learned a level 2 spell: Blink
  8165 | D:8      | Reached ** piety under Cheibriados
  8190 | D:8      | Found a viscous altar of Jiyva.
  8450 | D:8      | Reached skill level 5 in Invocations
  9043 | D:9      | HP: 1/64 [polar bear (3)]
  9044 | D:9      | Reached skill level 1 in Translocations
  9047 | D:9      | Reached *** piety under Cheibriados
  9427 | D:9      | Noticed Joseph
  9435 | D:9      | Killed Joseph
  9671 | D:9      | Noticed Psyche
  9674 | D:9      | Cast into level 2 of the Abyss (Psyche)
  9724 | Abyss:2  | Found a corrupted altar of Lugonu.
  9745 | Abyss:2  | Noticed a sixfirhy
  9746 | Abyss:2  | Noticed an orange demon
  9749 | Abyss:2  | Noticed a sun demon
  9751 | Abyss:2  | Killed a sixfirhy
  9751 | Abyss:2  | Reached skill level 10 in Maces & Flails
  9752 | Abyss:2  | Noticed an orange demon
  9752 | Abyss:2  | Noticed a cacodemon
  9759 | Abyss:2  | Mangled by a sun demon

Levels and vault maps discovered:
D:1:      dpeg_arrival_connections, layout_loops_ring, minmay_stone_trees_large
D:2:      layout_basic, uniq_terence
D:3:      layout_basic, zin_purify, minmay_diced_spiral
D:4:      layout_basic, grunt_temple_overflow_open, gammafunk_ghost_split,
          uniq_ijyb, uniq_menkaure, uniq_robin, uniq_pikel
D:5:      layout_loops_corners, okawaru_gym_becter,
          nicolae_overflow_hidden_temple, first_ration
D:6:      layout_cave_pools, slow_altar_1, minmay_temple_entry_junction
D:7:      minmay_evil_eye, layout_basic, lemuel_round_altar, grunt_ogre_cave
D:8:      layout_basic, nicolae_overflow_crystal_walls, basic_altar,
          serial_shops, nicolae_shop_waterfront, jiyva_altar_1
D:9:      layout_loops_ring, orc_0_dummy, serial_ice, serial_ice_m,
          serial_ice_h, serial_ice_l, serial_ice_n, serial_ice_e, serial_ice_a,
          serial_ice_g, palyth_stone_intersect, uniq_psyche, uniq_joseph
Abyss:2

Skill      XL: |  1  2  3  4  5  6  7  8  9 10 |
---------------+-------------------------------+-----
Maces & Flails | 3 4 5 7 8 9 10 | 10.0
Fighting       | 4 5 6 7 8 |  8.5
Dodging        | 5 6 |  6.3
Shields        | 5 6 |  6.2
Invocations    | 4 5 |  5.8
Translocations | 2 |  2.3

Action                   |  1- 3 |  4- 6 |  7- 9 | 10-12 || total
-------------------------+-------+-------+-------+-------++-------
Melee: Flail             |    70 |    73 |   254 |   105 ||   502
       Constrict         |    18 |    14 |    58 |    18 ||   108
       Tentacles         |     6 |    12 |    58 |    32 ||   108
       Kick              |       |       |       |    49 ||    49
Throw: Javelin           |       |       |     1 |     5 ||     6
Evoke: Wand              |       |     1 |     6 |    13 ||    20
  Use: Scroll            |     5 |     3 |    10 |     3 ||    21
       Potion            |     1 |     1 |     2 |     5 ||     9
 Stab: Sleeping          |    10 |     2 |     7 |     2 ||    21
       Distracted        |       |       |     1 |       ||     1
       Confused          |       |       |       |     1 ||     1
  Eat: Chunk             |     1 |     5 |     5 |     2 ||    13
       Ration            |       |       |     3 |       ||     3
Armor: Skin              |     3 |     3 |     8 |     1 ||    15
Dodge: Dodged            |    24 |    33 |   102 |    41 ||   200
Block: Shield            |    24 |    23 |   101 |    65 ||   213

Table legend:
 A = Non-vault XP
 B = Vault XP
 C = Vault XP percentage of total XP
 D = Non-vault monster count
 E = Vault monster count
 F = Vault count percentage of total count
                 A         B        C        D         E       F
            +---------+---------+-------+---------+---------+-------
      Total |    6282 |    2315 |  26.9 |     192 |      37 |  16.2
            +---------+---------+-------+---------+---------+-------
        D:1 |      40 |       0 |   0.0 |      25 |       0 |   0.0
        D:2 |      66 |      32 |  32.7 |      18 |       1 |   5.3
        D:3 |      27 |       9 |  25.0 |      13 |       6 |  31.6
        D:4 |     614 |     857 |  58.3 |      15 |      16 |  51.6
        D:5 |     491 |       0 |   0.0 |      35 |       0 |   0.0
        D:6 |     615 |       5 |   0.8 |      24 |       1 |   4.0
        D:7 |    1048 |     276 |  20.8 |      15 |       4 |  21.1
        D:8 |    1647 |     114 |   6.5 |      32 |       3 |   8.6
        D:9 |     969 |    1022 |  51.3 |      14 |       6 |  30.0
    Abyss:2 |     765 |       0 |   0.0 |       1 |       0 |   0.0
            +---------+---------+-------+---------+---------+-------
